 Dungeon Crawl Stone Soup version 0.30-a0-639-g3916f1956a (webtiles) character file.

Game seed: 14219737937470530119

31320 OTABOTABOTAB the Nimble (level 13, 63/63 HPs)
             Began as a Felid Summoner on Jan 16, 2023.
             Was an Initiate of Gozag.
             Quit the game on level 3 of the Lair of Beasts.
             The game lasted 00:56:24 (23131 turns).

OTABOTABOTAB the Nimble (Felid Summoner)           Turns: 23131, Time: 00:56:24

Health: 63/63      AC:  3    Str:  4    XL:     13   Next: 25%
Magic:  28/28      EV: 27    Int: 27    God:    Gozag
Gold:   3300       SH:  0    Dex: 17    Spells: 13/32 levels left
                                        Lives:  1   Deaths: 3

rFire   . . .      SeeInvis +    (weapon unavailable)
rCold   + . .      Faith    .    (shield unavailable)
rNeg    . . .      Spirit   .    (body armour unavailable)
rPois   .          Reflect  .    (helmet unavailable)
rElec   .          Harm     .    (cloak unavailable)
rCorr   .          Rampage  .    (gloves unavailable)
Will    +....                    (boots unavailable)
Stlth   ++                       (no amulet)
HPRegen 0.30/turn                Z - ring of wizardry {Wiz+, !d}
MPRegen 0.21/turn                f - +6 ring of intelligence

@: quick
A: very small, claws 1, fangs 3, see invisible, speed 1, shaggy fur 3, stealthy
paws, no weapons or thrown items, no armour, multi-lived
a: Renounce Religion, Potion Petition, Call Merchant, Bribe Branch


You were on level 3 of the Lair of Beasts.
You worshipped Gozag.
Gozag was most pleased with you.
You visited 3 branches of the dungeon, and saw 15 of its levels.
You also visited: Sewer, Ossuary and Bailey.

You collected 5236 gold pieces.
You spent 672 gold pieces at shops.
You paid 1264 gold pieces to Gozag.

Inventory:

Missiles
 g - 4 throwing nets {!d}
 n - a curare-tipped dart
 o - a boomerang of dispersal {=f}
Jewellery
 c - a ring of ice {rC+, rF-}
   (You found it on level 7 of the Dungeon)
 f - a +6 ring of intelligence (right paw)
   (You found it on level 4 of the Dungeon)
 s - an amulet of guardian spirit
   (You found it on level 10 of the Dungeon)
 N - a ring of positive energy {rN+}
   (You found it on level 3 of the Lair of Beasts)
 P - a ring of poison resistance {rPois, !d}
   (You found it on level 7 of the Dungeon)
 Z - a ring of wizardry (left paw) {Wiz+, !d}
   (You found it on level 6 of the Dungeon)
Wands
 e - a wand of charming (11)
   (You found it on level 7 of the Dungeon)
 j - a wand of polymorph (15)
   (You found it on level 4 of the Dungeon)
 k - a wand of light (1)
   (You took it off a centaur on level 8 of the Dungeon)
 q - a wand of flame (16)
   (You found it on level 1 of the Lair of Beasts)
 y - a wand of mindburst (18)
   (You found it on level 8 of the Dungeon)
Scrolls
 b - 7 scrolls of fog
 d - 2 scrolls of torment {!r}
 h - a scroll of amnesia
 l - 2 scrolls of poison {!r}
 D - a scroll of blinking {!r}
 V - 3 scrolls of vulnerability {!r!r}
 X - 3 scrolls of magic mapping {@r4!r}
 Y - 11 scrolls of teleportation {@r3}
Potions
 i - 3 potions of cancellation
 p - a potion of attraction {!q}
 r - a potion of experience
 t - 2 potions of might
 u - 8 potions of heal wounds {@q2}
 B - 5 potions of brilliance
 G - 2 potions of ambrosia {!q}
 H - 2 potions of haste
 I - 5 potions of invisibility
 J - 10 potions of curing {@q1}
 L - 11 potions of flight
 M - 6 potions of magic
 R - 4 potions of resistance
 T - a potion of berserk rage {!q}
 U - 7 potions of mutation {!q}
Miscellaneous
 m - a phantom mirror
   (You found it on level 10 of the Dungeon)


   Skills:
 + Level 11.3 Fighting
 + Level 14.7 Dodging
 - Level 2.6 Stealth
 - Level 10.0 Spellcasting
 - Level 5.0 Hexes
 + Level 12.7 Summonings
 - Level 7.0 Air Magic


You had 13 spell levels left.
You knew the following spells:

 Your Spells              Type           Power      Damage    Failure   Level
a - Summon Small Mammal   Summ           100%       N/A       0%          1
b - Call Canine Familiar  Summ           70%        N/A       1%          3
c - Call Imp              Summ           70%        N/A       1%          2
d - Summon Guardian Gole  Hex/Summ       57%        N/A       1%          3
e - Summon Lightning Spi  Summ/Air       61%        N/A       1%          4
f - Summon Cactus Giant   Summ           35%        N/A       1%          6

Your spell library contained the following spells:

 Spells                   Type           Power      Damage    Failure   Level
 Scorch                   Fire           26%        2d6       2%          2
 Flame Wave               Conj/Fire      13%        2d6       16%         4
 Chain Lightning          Conj/Air       16%        3d21      100%        9
 Fire Storm               Conj/Fire      6%         8d2       100%        9
 Shatter                  Erth           6%         3d9*      100%        9


Dungeon Overview and Level Annotations

Branches:
Dungeon (11/15)            Temple (1/1) D:6            Lair (3/5) D:11
  Sewer (visited)         Ossuary (visited)          Bailey (visited)
  Swamp: Lair:2-3    Shoals: Lair:2-3     Snake: Lair:2-3    Spider: Lair:2-3
    Orc: D:9-12

Altars:
Ashenzari
Cheibriados
Elyvilon
Fedhas
Gozag
Kikubaaqudgha
Makhleb
Nemelex Xobeh
Sif Muna
Wu Jian
Xom
Yredelemnul
Zin
The Shining One

Shops:
D:2 (   D:7 (*   Lair:1 ?=

Annotations:
D:7 exclusion: 2 doors
D:8 2 transporters, ragingrage's ghost, novice OpAr


Innate Abilities, Weirdness & Mutations

You have sharp claws.
You have razor-sharp teeth.
You have supernaturally acute eyesight. (SInv)
You cover ground quickly. (Speed+)
Your thick and shaggy fur keeps you warm. (AC +3, rC+)
Your paws help you pounce on unaware monsters.
You are incapable of wielding weapons or throwing items.
You cannot wear armour.
You gain extra lives every three experience levels.


Message History

Your warg bites the elephant!
Your quokka bites the elephant but does no damage.
The elephant barely misses your warg. The elephant trunk-slaps your warg.
The elephant tramples your guardian golem but does no damage.
The elephant trunk-slaps your guardian golem.
Your warg bites the elephant!
Your crimson imp hits the elephant but does no damage.
You miscast Summon Cactus Giant.
You are very lightly contaminated with residual magic.
Nothing appears to happen.
Your quokka bites the elephant but does no damage.
The elephant is distracted by your dazzling golden aura.
Your warg bites the elephant.
The elephant is no longer distracted by gold.
The elephant tramples your guardian golem.
Your guardian golem holds its ground!
The elephant trunk-slaps your guardian golem.
Your crimson imp hits the elephant.
You now have 0/28 mp.
Your quokka bites the elephant but does no damage.
Your warg bites the elephant!
The elephant dies!
Your lightning spire shoots out a bolt of lightning at the elephant!
The bolt of electricity hits your rat!!
Your rat dies!
Your rat's corpse disappears in a puff of smoke!
The bolt of electricity hits your quokka!
The bolt of electricity hits the elephant!
The elephant misses your quokka. The elephant trunk-slaps your quokka.
Your quokka dies!
Your quokka's corpse disappears in a puff of smoke!
Your crimson imp hits the elephant but does no damage.
Your warg bites the elephant!
Your lightning spire shoots out a bolt of lightning at the elephant!
The bolt of electricity hits the elephant!
The elephant is distracted by your dazzling golden aura.
Your warg bites the elephant but does no damage.
The elephant is no longer distracted by gold.
Your crimson imp hits the elephant but does no damage.
Your lightning spire disappears in a puff of smoke!
The elephant tramples your guardian golem but does no damage.
The elephant trunk-slaps your guardian golem.
Your warg bites the elephant.
Your crimson imp hits the elephant but does no damage.
Your warg barely misses the elephant.
The elephant closely misses your crimson imp. x2
Your crimson imp hits the elephant but does no damage.
Your warg barely misses the elephant.
The elephant closely misses your crimson imp.
The elephant trunk-slaps your crimson imp.
Your crimson imp hits the elephant but does no damage.
You don't have enough magic to cast this spell.
Your warg bites the elephant but does no damage.
The elephant is distracted by your dazzling golden aura.
Your warg bites the elephant!
The elephant is no longer distracted by gold.
Your crimson imp hits the elephant but does no damage.
Your warg bites the elephant.
The elephant tramples your crimson imp but does no damage.
The elephant trunk-slaps your crimson imp.
Your crimson imp hits the elephant but does no damage.
Your warg bites the elephant but does no damage.
The elephant barely misses your warg.
The elephant trunk-slaps your warg but does no damage.
Your crimson imp hits the elephant but does no damage.
Your warg bites the elephant.
The elephant barely misses your warg. The elephant misses your warg.
Your warg bites the elephant!
Your crimson imp blinks!
Your warg bites the elephant!
The elephant dies!
Your magical contamination has completely faded away.
Your guardian golem disappears in a puff of smoke!
Your crimson imp blinks!
Your warg disappears in a puff of smoke!
You swap places.
You now have 3163 gold pieces (gained 20).
Your crimson imp disappears in a puff of smoke!
You now have 3215 gold pieces (gained 52).
You now have 3233 gold pieces (gained 18).
You now have 3258 gold pieces (gained 25).
You now have 3281 gold pieces (gained 23).
You now have 3286 gold pieces (gained 5).
There is a stone staircase leading up here.
You now have 3300 gold pieces (gained 14).
N - a ring of positive energy {rN+};
u - 8 potions of heal wounds {@q2} Health restored: 63; MP restored: 28 You open the door.
There is an open door here.
You open the door.
There is an open door here.
Found a stone staircase leading up.
Found an escape hatch in the floor.
v - a scroll labelled OSEEROOCRE
As you read the scroll of identify {@r1}, it crumbles to dust.
v - a scroll of noise You drop a scroll of noise {!r}.
Saving game... please wait.
Bad channel name for runrest: 'Jiyva says: Divide and consume' Welcome back, OTABOTABOTAB the Felid Summoner.
Gozag says: Greed is good.

####+ #. .....# ...#
+P....### ###+#.P.##
..>.....#####.........#
...)......P##..........#
........#..............#
.........##............#
.......@##P............#
........####.'.........#
~........ ###..........
#...<....# ##..........
....#####. #.#..###+..
...# ## #####.##.# ~.+
##...# # .. ####.####.
##.##'###.#


There were no monsters in sight!

Vanquished Creatures
  2 electric eels (Lair:1)
2 creatures vanquished.

Vanquished Creatures (collateral kills)
  2 hydras
  A two-headed ogre (D:11)
  2 death yaks (Lair:2)
  A cyclops (D:11)
  2 rust devils (D:9)
  6 elephants (Lair:3)
  A black mamba (Lair:1)
  A gargoyle (D:11)
  5 cane toads
  2 rime drakes
  9 komodo dragons
  A troll (D:9)
  Grinder (D:5)
  5 blink frogs (Lair:2)
  Sigmund (D:2)
  A shadow (D:11)
  3 wyverns
  A basilisk (Lair:1)
  2 vampires
  20 yaks
  2 wraiths
  4 vampire mosquitoes (D:11)
  A steam dragon (D:8)
  Menkaure (D:5)
  7 water moccasins
  2 acid dragons
  6 orc warriors
  4 ice beasts
  A black bear (Lair:1)
  2 sky beasts
  2 ogres
  5 wolves
  4 centaurs
  2 phantoms
  2 kobold brigands
  Blork the orc (D:5)
  A nameless horror (D:10)
  2 elf zombies (Ossuary)
  6 scorpions
  5 bullfrogs
  2 necrophages
  2 gnoll sergeants
  4 killer bees (D:8)
  2 howler monkeys (D:9)
  2 centaur zombies (Ossuary)
  3 human zombies (Ossuary)
  8 orc priests
  8 hounds
  14 iguanas
  A gnoll bouda (D:6)
  A jelly (D:7)
  Terence (D:2)
  10 orc wizards
  A merfolk siren (Sewer)
  A merfolk avatar (Sewer)
  2 mummies (Ossuary)
  Robin (D:2)
  24 gnolls
  11 adders
  A river rat (Sewer)
  2 white imps
  An ufetubus (D:5)
  5 dart slugs
  43 orcs
  11 ball pythons
  10 endoplasms
  8 giant cockroaches
  20 goblins
  7 hobgoblins
  13 jackals
  14 kobolds
  9 quokkas
  8 bats
  21 frilled lizards
  11 hobgoblin zombies (Ossuary)
  5 kobold zombies (Ossuary)
  11 orc zombies (Ossuary)
  24 rats
  3 rat zombies
452 creatures vanquished.

Vanquished Creatures (others)
  Harold (D:11)
  4 death yaks (Lair:2)
  A komodo dragon (Lair:1)
  4 yaks
  A wyvern (Lair:1)
  3 orc warriors
  A necrophage (D:5)
  3 killer bees (D:10)
  An iguana (Lair:1)
  2 gnolls
  An orc (D:5)
  3 fungi
  11 plants
36 creatures vanquished.

Grand Total: 490 creatures vanquished

Notes
Turn   | Place    | Note
-------+----------+-------------------------------------------
     0 | D:1      | OTABOTABOTAB the Felid Summoner began the quest for the
                  | Orb.
     0 | D:1      | Reached XP level 1. HP: 7/7 MP: 4/4
   304 | D:1      | Reached XP level 2. HP: 11/11 MP: 3/6
   307 | D:1      | Learned a level 2 spell: Call Imp
   898 | D:1      | Reached XP level 3. HP: 14/14 MP: 2/8
   902 | D:1      | Learned a level 3 spell: Call Canine Familiar
  1791 | D:2      | Reached skill level 3 in Spellcasting
  1810 | D:2      | Reached XP level 4. HP: 18/18 MP: 1/9
  1933 | D:2      | Reached skill level 5 in Summonings
  2361 | D:2      | Noticed Robin
  2387 | D:2      | Killed Robin
  2542 | D:2      | Noticed Terence
  2563 | D:2      | Killed Terence
  2564 | D:2      | Reached XP level 5. HP: 21/21 MP: 6/11
  2981 | D:2      | Learned a level 3 spell: Summon Guardian Golem
  2982 | D:2      | Noticed Sigmund
  2997 | D:2      | Killed Sigmund
  2998 | D:2      | Reached skill level 1 in Fighting
  2998 | D:2      | Reached skill level 3 in Dodging
  2998 | D:2      | Reached skill level 4 in Spellcasting
  2998 | D:2      | Reached skill level 2 in Hexes
  2998 | D:2      | Gained mutation: You are covered in thick fur. (AC +2)
                  | [Felid growth]
  2998 | D:2      | Reached XP level 6. HP: 25/25 MP: 8/13
  3234 | D:2      | Found Idocyev's Weapon Shop.
  4390 | D:3      | Learned a level 4 spell: Summon Lightning Spire
  4636 | D:4      | Reached skill level 3 in Hexes
  4636 | D:4      | Reached skill level 6 in Summonings
  4636 | D:4      | Reached XP level 7. HP: 29/29 MP: 9/14
  4740 | D:4      | Reached skill level 2 in Fighting
  4740 | D:4      | Reached skill level 4 in Dodging
  4915 | D:4      | Found a glowing drain.
  5013 | Sewer    | Entered a sewer
  5502 | Sewer    | HP: 7/30 [drowned by a drowned soul[a malarious merfolk
                  | avatar] (2)]
  6299 | D:4      | Reached skill level 4 in Hexes
  6370 | D:4      | Reached skill level 5 in Dodging
  6656 | D:5      | Entered Level 5 of the Dungeon
  6663 | D:5      | Noticed Grinder
  6684 | D:5      | Noticed Blork the orc
  6699 | D:5      | Reached skill level 3 in Fighting
  6699 | D:5      | Reached skill level 5 in Spellcasting
  6704 | D:5      | Killed Blork the orc
  6705 | D:5      | Reached XP level 8. HP: 34/34 MP: 3/16
  6847 | D:5      | Noticed Menkaure
  7040 | D:5      | Killed Menkaure
  7041 | D:5      | Reached skill level 5 in Hexes
  7041 | D:5      | Reached skill level 1 in Air Magic
  7416 | D:5      | Identified the +13 plate armour of Parts Unknown {Harm
                  | rPois}
  7454 | D:5      | HP: 6/36 [orc warrior/bolt (10)]
  7465 | D:5      | HP: 3/36 [orc warrior/bolt (5)]
  7733 | D:5      | Reached skill level 6 in Dodging
  7751 | D:5      | Reached skill level 4 in Fighting
  7751 | D:5      | Reached skill level 2 in Air Magic
  7775 | D:5      | Reached skill level 7 in Summonings
  7801 | D:5      | Killed Grinder
  7986 | D:5      | Reached XP level 9. HP: 39/39 MP: 14/18
  8239 | D:6      | Reached skill level 6 in Spellcasting
  8494 | D:6      | Found a staircase to the Ecumenical Temple.
  8505 | Temple   | Entered the Ecumenical Temple
  8516 | Temple   | Became a worshipper of Gozag Ym Sagoz the Greedy
  8543 | D:6      | Identified a scroll of acquirement
  8543 | D:6      | Acquired 1082 gold pieces
  8635 | D:6      | Reached skill level 3 in Air Magic
  8686 | D:6      | Reached skill level 7 in Dodging
  8738 | D:6      | Reached skill level 5 in Fighting
  9377 | D:6      | Found a blossoming altar of Fedhas.
  9378 | D:6      | Found a glowing golden altar of the Shining One.
  9547 | D:6      | Found a snail-covered altar of Cheibriados.
  9548 | D:6      | Found a glowing silver altar of Zin.
  9553 | D:6      | Found a shimmering altar of Xom.
  9554 | D:6      | Found a shimmering blue altar of Sif Muna.
  9556 | D:6      | Found a basalt altar of Yredelemnul.
  9557 | D:6      | Found a burning altar of Makhleb.
  9900 | D:7      | Found Dolem's General Store.
  9978 | D:7      | Bought a scroll of identify for 24 gold pieces
  9978 | D:7      | Bought a scroll of identify for 24 gold pieces
  9978 | D:7      | Bought a scroll of acquirement for 624 gold pieces
  9978 | D:7      | Acquired 984 gold pieces
 10136 | D:7      | Reached skill level 8 in Summonings
 10136 | D:7      | Reached skill level 4 in Air Magic
 10157 | D:7      | Reached skill level 8 in Dodging
 10263 | D:7      | Found Kifiasycw's Firing Range.
 10342 | D:7      | Found a sand-covered staircase.
 10398 | Ossuary  | Entered an ossuary
 10742 | Ossuary  | Reached XP level 10. HP: 45/45 MP: 3/21
 11284 | D:7      | Found a white marble altar of Elyvilon.
 11724 | D:7      | HP: 7/45 [electric eel/bolt of electricity (14)]
 11877 | D:7      | HP: 3/45 [electric eel/bolt of electricity (12)]
 11877 | D:7      | Killed from afar by an electric eel
 11878 | D:7      | Reached XP level 9. HP: -13/41 MP: 20/20
 12254 | D:8      | Reached skill level 6 in Fighting
 12256 | D:8      | Reached skill level 7 in Spellcasting
 12264 | D:8      | Killed from afar by a steam dragon
 12265 | D:8      | Reached XP level 8. HP: 0/38 MP: 4/19
 12294 | D:8      | Noticed ragingrage's ghost (novice OpAr)
 12297 | D:8      | Found a transporter.
 12394 | D:8      | Reached XP level 9. HP: 26/42 MP: 13/20
 12466 | D:8      | Found a transporter.
 12515 | D:8      | Reached skill level 9 in Dodging
 12515 | D:8      | Reached skill level 5 in Air Magic
 12531 | D:8      | Reached skill level 8 in Spellcasting
 12531 | D:8      | Reached skill level 10 in Summonings
 12531 | D:8      | Reached skill level 6 in Air Magic
 12531 | D:8      | Reached XP level 10. HP: 46/46 MP: 13/23
 12819 | D:8      | Reached skill level 7 in Air Magic
 13026 | D:8      | Found a sparkling altar of Nemelex Xobeh.
 13421 | D:8      | Learned a level 6 spell: Summon Cactus Giant
 13756 | D:9      | Reached skill level 9 in Spellcasting
 14747 | D:10     | Entered Level 10 of the Dungeon
 14790 | D:10     | Reached skill level 7 in Fighting
 15020 | D:10     | Found a flagged portal.
 15087 | Bailey   | Entered a bailey
 16785 | D:10     | Reached XP level 11. HP: 50/50 MP: 5/25
 16929 | D:10     | Reached skill level 10 in Dodging
 17935 | D:11     | Found a white marble altar of Elyvilon.
 17979 | D:11     | Noticed a two-headed ogre
 17988 | D:11     | Killed a two-headed ogre
 18301 | D:11     | Noticed Harold
 18343 | D:11     | Killed Harold
 18344 | D:11     | Reached skill level 11 in Summonings
 18639 | D:11     | Reached skill level 8 in Fighting
 18898 | D:11     | Found a staircase to the Lair.
 18912 | Lair:1   | Entered Level 1 of the Lair of Beasts
 18923 | Lair:1   | Reached skill level 11 in Dodging
 19266 | Lair:1   | Reached skill level 10 in Spellcasting
 19760 | Lair:1   | HP: 5/52 [electric eel/bolt of electricity (13)]
 19761 | Lair:1   | Killed from afar by an electric eel
 19762 | Lair:1   | Reached XP level 10. HP: -4/49 MP: 17/25
 19947 | Lair:1   | Reached XP level 11. HP: 52/52 MP: 6/26
 19990 | Lair:1   | HP: 8/52 [themself (44)]
 20826 | Lair:2   | Noticed a death yak
 20841 | Lair:2   | Noticed a death yak
 20842 | Lair:2   | Noticed a death yak
 20843 | Lair:2   | Noticed a death yak
 20844 | Lair:2   | Noticed a death yak
 20846 | Lair:2   | Noticed a death yak
 20847 | Lair:2   | Reached skill level 9 in Fighting
 20853 | Lair:2   | Killed a death yak
 20853 | Lair:2   | Killed a death yak
 20854 | Lair:2   | Reached skill level 12 in Dodging
 20855 | Lair:2   | Killed a death yak
 20859 | Lair:2   | Killed a death yak
 20860 | Lair:2   | Reached skill level 12 in Summonings
 20870 | Lair:2   | Killed a death yak
 20873 | Lair:2   | Killed a death yak
 21028 | Lair:2   | Noticed an eight-headed hydra
 21036 | Lair:2   | Killed an eight-headed hydra
 21693 | Lair:2   | Reached skill level 13 in Dodging
 21693 | Lair:2   | Gained mutation: Your thick and shaggy fur keeps you warm.
                  | (AC +3, rC+) [Felid growth]
 21693 | Lair:2   | Reached XP level 12. HP: 58/58 MP: 20/27
 21734 | Lair:2   | Reached skill level 10 in Fighting
 21734 | Lair:2   | Reached skill level 14 in Dodging
 21734 | Lair:2   | Reached XP level 13. HP: 63/63 MP: 28/28
 21759 | Lair:2   | Reached skill level 11 in Fighting
 23131 | Lair:3   | Quit the game

Illustrated notes

Levels and vault maps discovered:
D:1:      dreamdust_arrival_sigmund_warning, layout_basic, serial_forest,
          infiniplex_forest_lined_1, infiniplex_forest_end_1,
          infiniplex_forest_straight_2, infiniplex_forest_clump_long,
          infiniplex_forest_lined_2, infiniplex_forest_straight_2,
          infiniplex_forest_lined_ring, minmay_box_of_dots
D:2:      layout_rooms, serial_shops, nicolae_lakefront_shop, fountainhead,
          uniq_robin, uniq_terence, uniq_sigmund
D:3:      layout_basic
D:4:      layout_loops_ring, gup_sewer_entry_pipe
D:5:      layout_loops_ring, uniq_blork_the_orc, uniq_menkaure, uniq_grinder
D:6:      minmay_chambers_of_threes, layout_loops_corners,
          nicolae_overflow_hallway_of_the_gods, minmay_temple_entry_grid
D:7:      cheibrodos_two_vegetables, layout_cave_pods,
          overflow_temple_1_default, serial_shops, nicolae_shop_hallway_stairs,
          enter_ossuary_3, nicolae_shop_firing_range
D:8:      layout_gridville, nemelex_diamond_rough_becter, gammafunk_ghost_smash
D:9:      cheibrodos_iron_armory, layout_loops_corners
D:10:     layout_grid_maze, enter_bailey_3
D:11:     layout_loops_corners, lair_entry_dummy, elyvilon_altar_5, uniq_harold
Temple:   nicolae_temple_hex_pool
Lair:1:   lemuel_reptile_caves, layout_misc_corridors,
          eino_small_chamber_without_monster, grunt_megastairs_2
Lair:2:   layout_cave_pods
Lair:3:   layout_roguey, nicolae_shoals_entry_flooding, spider_nest_entry_a,
          infiniplex_staircase_pool, serial_bayou_shore_b, grunt_megastairs_1

Skill      XL: |  1  2  3  4  5  6  7  8  9 10 11 12 13 |
---------------+----------------------------------------+-----
Spellcasting   | 3 4 5 8 9 10 | 10.0
Summonings     | 5 6 7 10 12 | 12.7
Fighting       | 1 3 4 6 7 9 10 11 | 11.3
Dodging        | 3 5 6 9 13 14 | 14.7
Hexes          | 2 3 4 5 |  5.0
Air Magic      | 2 6 7 |  7.0
Stealth        | |  2.6

Action                   |  1- 3 |  4- 6 |  7- 9 | 10-12 | 13-15 || total
-------------------------+-------+-------+-------+-------+-------++-------
Melee: Unarmed           |       |       |     2 |     1 |       ||     3
 Cast: Summon Small Mamm |    56 |    47 |    98 |    98 |    10 ||   309
       Call Imp          |    19 |    22 |    54 |    48 |     5 ||   148
       Call Canine Famil |     2 |    23 |    59 |    50 |     4 ||   138
       Summon Guardian G |       |     1 |    30 |    57 |     5 ||    93
       Summon Lightning  |       |       |    17 |    28 |     2 ||    47
       Summon Cactus Gia |       |       |       |    51 |     8 ||    59
Invok: Call Merchant     |       |       |       |     2 |       ||     2
Evoke: Wand              |       |       |       |     3 |       ||     3
  Use: Scroll            |       |    14 |     9 |     6 |     1 ||    30
       Potion            |       |       |     3 |     2 |       ||     5
Armor: Skin              |     3 |     2 |     8 |     4 |     1 ||    18
Dodge: Dodged            |    28 |    18 |    94 |    81 |    13 ||   234

Table legend: (Time is in decaauts)
 A = Elapsed time spent in this place.
 B = Non-inter-level travel time spent in this place.
 C = Inter-level travel time spent in this place.
 D = Time resting spent in this place.
 E = Time spent auto-exploring this place.
 F = Levels seen in this place.
 G = Mean time per level.
                   A        B        C        D        E       F      G
               +--------+--------+--------+--------+--------+-----+--------+
         Total |  21014 |  20500 |    514 |   1689 |  14215 |  18 | 1167.4 |
       Dungeon |  14976 |  14516 |    460 |   1010 |  10497 |  11 | 1361.5 |
        Temple |     18 |     10 |      8 |      0 |      2 |   1 |   18.0 |
          Lair |   3901 |   3856 |     45 |    329 |   2808 |   3 | 1300.3 |
         Sewer |    701 |    701 |      0 |     38 |    378 |   1 |  701.0 |
       Ossuary |    509 |    509 |      0 |      0 |    337 |   1 |  509.0 |
        Bailey |    907 |    907 |      0 |    312 |    191 |   1 |  907.0 |
               +--------+--------+--------+--------+--------+-----+--------+

Top non-repeatable levels by time:
  Lair:2: 1834 daAuts
  Lair:1: 1796 daAuts
    D:10: 1728 daAuts
     D:7: 1611 daAuts
     D:1: 1604 daAuts
     D:4: 1569 daAuts
     D:6: 1480 daAuts
     D:2: 1378 daAuts
     D:9: 1285 daAuts
     D:5: 1199 daAuts
     D:8: 1083 daAuts
     D:3: 1077 daAuts
    D:11: 958 daAuts
  Bailey: 907 daAuts
   Sewer: 701 daAuts

Table legend:
 A = Kills in this place as a percentage of kills in entire the game.
 B = Kills by you in this place as a percentage of kills by you in the entire game.
 C = Kills by friends in this place as a percentage of kills by friends in the entire game.
 D = Other kills in this place as a percentage of other kills in the entire game.
 E = Experience gained in this place as a percentage of experience gained in the entire game.
 F = Experience gained in this place divided by the number of levels of this place that you have seen.
                   A       B       C       D       E      F
               +-------+-------+-------+-------+-------+----------------------
         Total | 100.0 | 100.0 | 100.0 | 100.0 | 100.0 | 2241.3
       Dungeon |  61.7 |   0.0 |  62.1 |  59.1 |  45.0 | 1650.2
          Lair |  18.5 | 100.0 |  17.3 |  36.4 |  52.8 | 7096.7
         Sewer |   7.6 |   0.0 |   8.0 |   0.0 |   0.4 | 145.0
       Ossuary |   8.0 |   0.0 |   8.4 |   0.0 |   1.2 | 481.0
        Bailey |   4.2 |   0.0 |   4.2 |   4.5 |   0.7 | 275.0
               +-------+-------+-------+-------+-------+----------------------
